 Dungeon Crawl Stone Soup version 0.25-a0-705-ge9988fc0fb (webtiles) character file.

Game seed: 9325164032156379794, levelgen mode: deterministic

79 FollowTheCloud the Magician (level 4, -5/25 HPs)
             Began as a Deep Elf Fire Elementalist on Apr 3, 2020.
             Slain by a worker ant (7 damage)
             ... on level 4 of the Dungeon.
             The game lasted 00:09:09 (2478 turns).

FollowTheCloud the Magician (DEFE)                  Turns: 2478, Time: 00:09:10

Health: -5/25      AC:  2    Str:  5    XL:     4   Next: 16%
Magic:  7/12       EV: 13    Int: 21    God:
Gold:   92         SH:  0    Dex: 15    Spells: 7/11 levels left

rFire    . . .     SeeInvis .   (no weapon)
rCold    . . .     Gourm    .   (no shield)
rNeg     . . .     Faith    .   f - +0 robe
rPois    .         Spirit   .   (no helmet)
rElec    .         Reflect  .   (no cloak)
rCorr    .         Harm     .   (no gloves)
MR       .....                  (no boots)
Stlth    ++........             (no amulet)
HPRegen  0.08/turn              (no ring)
MPRegen  0.13/turn              (no ring)

@: lethally poisoned (-5 -> -12)
A: no striking features
a: no special abilities


You were on level 4 of the Dungeon.
You were hungry.

You visited 1 branch of the dungeon, and saw 5 of its levels.

You collected 92 gold pieces.

Inventory:

Armour
 f - a +0 robe (worn)
 m - a +0 buckler
Jewellery
 d - an uncursed ring of wizardry {unknown}
 g - a cursed ring of magical power
 i - an uncursed ring of magical power
Scrolls
 b - 2 scrolls of identify {unknown}
 e - 5 scrolls of teleportation {unknown}
 h - 2 scrolls of enchant weapon {unknown}
Potions
 a - 3 potions of heal wounds {unknown}
 j - a potion of invisibility {unknown}
 k - 2 potions of curing {unknown}
 l - a potion of degeneration {unknown}
 n - a potion of resistance
Comestibles
 c - 7 rations


   Skills:
 + Level 1.3 Fighting
 - Level 2.4 Dodging
 - Level 2.4 Stealth
 + Level 4.0 Spellcasting
 + Level 2.3 Conjurations
 + Level 4.0 Fire Magic


You had 7 spell levels left.
You knew the following spells:

 Your Spells              Type           Power        Failure   Level  Hunger
a - Foxfire               Conj/Fire      ###.         3%          1    None
b - Conjure Flame         Conj/Fire      ###.....     10%         3    ###....

Your spell library contained the following spells:

 Spells                   Type           Power        Failure   Level  Hunger
 Inner Flame              Hex/Fire       ##......     16%         3    ###....
 Sticky Flame             Conj/Fire      ###.....     32%         4    ####...
 Fireball                 Conj/Fire      ###.......   65%         5    ######.


Dungeon Overview and Level Annotations

Branches:
Dungeon (5/15)
 Temple: D:4-7

Altars:
Dithmenos


Message History

You feel sick.
The foxfire hits the worker ant but does no damage.
The worker ant is lightly wounded.
The foxfire hits the worker ant.
The worker ant is moderately wounded.
Casting: Foxfire (safe; 3% risk of failure)
Confirm with . or Enter, or press ? or * to list all spells.
You conjure some foxfire!
* * * LOW HITPOINT WARNING * * *
You feel sick. The worker ant barely misses you. The worker ant bites you.
* * * LOW HITPOINT WARNING * * *
* * * LOW HITPOINT WARNING * * *
You feel sick.
The foxfire hits the worker ant.
The worker ant is severely wounded.
The foxfire hits the worker ant.
The worker ant is almost dead.
Casting: Foxfire (safe; 3% risk of failure)
Confirm with . or Enter, or press ? or * to list all spells.
You conjure some foxfire!
The worker ant bites you!
You die...

..###########
............#
............#
...........>#
............#
#........va#
+........v@#
#..........#
....$.......#
#############


You could see a worker ant.

Vanquished Creatures
  A hound skeleton (D:5)
  2 worms (D:2)
  2 dart slugs
  2 leopard geckos (D:1)
  A ball python (D:1)
  7 bats
  2 giant cockroaches
  6 hobgoblins (D:1)
  9 jackals
  5 kobolds
  A quokka (D:2)
  2 frilled lizards (D:2)
  4 goblins
  7 rats
51 creatures vanquished.

Vanquished Creatures (others)
  147 foxfires
147 creatures vanquished.

Grand Total: 198 creatures vanquished

Notes
Turn   | Place    | Note
-------+----------+-------------------------------------------
     0 | D:1      | FollowTheCloud the Deep Elf Fire Elementalist began the
                  | quest for the Orb.
     0 | D:1      | Reached XP level 1. HP: 10/10 MP: 6/6
   158 | D:1      | Reached XP level 2. HP: 16/16 MP: 4/8
   463 | D:1      | Reached XP level 3. HP: 20/20 MP: 8/10
   468 | D:1      | Learned a level 3 spell: Conjure Flame
   580 | D:1      | Reached skill level 1 in Fighting
  2345 | D:3      | You fall into a shaft and drop 2 floors!
  2345 | D:5      | Entered Level 5 of the Dungeon
  2355 | D:5      | Found a shadowy altar of Dithmenos.
  2411 | D:5      | Reached XP level 4. HP: 24/25 MP: 8/12
  2478 | D:4      | Slain by a worker ant

Levels and vault maps discovered:
D:1:      evilmike_arrival_plus, layout_basic
D:2:      layout_basic, st_stairs_5
D:3:      layout_loops_cross
D:4:      layout_basic, lemuel_doored_altar, first_ration, uniq_duvessa,
          uniq_sigmund, uniq_blork_the_orc
D:5:      layout_basic, grunt_dithmenos_smoke_and_mirrors,
          minmay_temple_entry_statues_pillars, serial_shops, shop

Skill      XL: |  1  2  3 |
---------------+----------+-----
Fighting       | 1 |  1.3
Conjurations   | 2 |  2.3
Spellcasting   | 4 |  4.0
Fire Magic     | 4 |  4.0
Dodging        | |  2.4
Stealth        | |  2.4

Action                   |  1- 3 |  4- 6 || total
-------------------------+-------+-------++-------
 Cast: Foxfire           |   102 |     6 ||   108
  Eat: Chunk             |     4 |       ||     4
Armor: Robe              |     6 |       ||     6
Dodge: Dodged            |    49 |     4 ||    53

Table legend:
 A = Non-vault XP
 B = Vault XP
 C = Vault XP percentage of total XP
 D = Non-vault monster count
 E = Vault monster count
 F = Vault count percentage of total count
                 A         B        C        D         E       F
            +---------+---------+-------+---------+---------+-------
      Total |     112 |       1 |   0.9 |      50 |       1 |   2.0
            +---------+---------+-------+---------+---------+-------
        D:1 |      53 |       0 |   0.0 |      28 |       0 |   0.0
        D:2 |      39 |       1 |   2.5 |      21 |       1 |   4.5
        D:5 |      20 |       0 |   0.0 |       1 |       0 |   0.0
            +---------+---------+-------+---------+---------+-------
